 Dungeon Crawl Stone Soup version 0.19-a0 (webtiles) character file.

96 MovingMist the Ruffian (level 4, 0/40 HPs)
             Began as a Ghoul Monk on Apr 27, 2016.
             Slain by a gnoll
             ... wielding a +0 spear
              (6 damage)
             ... on level 3 of the Dungeon.
             The game lasted 00:11:06 (1738 turns).

MovingMist the Ruffian (Ghoul Monk)                 Turns: 1738, Time: 00:11:06

Health: 0/40       AC:  3    Str: 14    XL:     4   Next: 67%
Magic:  3/3        EV: 13    Int:  5    God:
Gold:   157        SH:  0    Dex: 12    Spells: 0 memorised, 3 levels left

rFire  . . .     SeeInvis .       - Unarmed
rCold  + . .     Gourm    .     a - +0 robe
rNeg   + + +     Faith    .     (no shield)
rPois  ∞         Spirit   .     (no helmet)
rElec  .         Dismiss  .     h - +0 cloak
rCorr  .         Reflect  .     (no gloves)
SustAt .         Harm     .     (no boots)
MR     .....                    (no amulet)
Stlth  ++........               (no ring)
                                (no ring)

@: rotting, not resistant to hostile enchantments, unstealthy
A: rotting body, claws 1, carnivore 3, cold resistance 1, negative energy
resistance 3, slow regeneration 1, torment resistance, unbreathing
a: no special abilities


You were on level 3 of the Dungeon.
You were not hungry.

You visited 1 branch of the dungeon, and saw 3 of its levels.

You collected 157 gold pieces.

Inventory:

Armour
 a - a +0 robe (worn)
 h - a +0 cloak (worn)
Scrolls
 g - a scroll of identify
Potions
 c - 4 potions of curing
 e - a potion of flight
 f - a potion of agility {unknown}
 j - a potion of haste {unknown}
Comestibles
 b - a meat ration
 d - 8 chunks of flesh


   Skills:
 + Level 3.9 Fighting
 * Level 3.9 Dodging
 - Level 2.1 Stealth
 + Level 5.0 Unarmed Combat


You had 3 spell levels left.
You didn't know any spells.

Dungeon Overview and Level Annotations

Branches:
Dungeon (3/15)

Altars:
Cheibriados


Innate Abilities, Weirdness & Mutations

Your body is rotting away.
You thrive on raw meat.
You are immune to poison.
You have sharp fingernails.
You are carnivorous and can eat meat at any time.
Your flesh is cold resistant.
You are immune to negative energy.
You regenerate slowly when monsters are visible.
You are immune to unholy pain and torment.
You can survive without breathing.


Message History

The gnoll is lightly wounded.
The gnoll hits you with a spear.
* * * LOW HITPOINT WARNING * * *
You scratch the gnoll.
The gnoll is heavily wounded.
The gnoll hits you with a spear.
* * * LOW HITPOINT WARNING * * *
You scratch the gnoll but do no damage.
The gnoll is heavily wounded.
The gnoll barely misses you.
Eat one of 9 chunks of flesh? (ye/n/q/i?) This raw flesh tastes great!
The gnoll barely misses you.
You continue eating.
The gnoll closely misses you.
You continue eating.
The gnoll misses you.
You scratch the gnoll.
The gnoll is severely wounded.
The gnoll hits you with a spear.
You die...

#...)#...## ..
#...##....#...
#######..##)##..#..#
.........#.##..##..##
.........###...##...####
........................
................#.......
..........##....#.......
..........#####.@)......
..........######.g......
#####.<......# #.....#.#
#####.##.. ........# #.#
...$##... ...... ..
....##. # #....# ..


You could see a gnoll.

Vanquished Creatures
  3 gnolls
  An adder (D:2)
  2 worms (D:2)
  A dart slug (D:1)
  2 giant geckos (D:1)
  An orc (D:3)
  A giant cockroach (D:2)
  6 goblins
  6 hobgoblins
  4 jackals (D:1)
  5 kobolds
  A quokka (D:2)
  5 bats
  4 giant newts
  6 rats
48 creatures vanquished.

Notes
Turn   | Place    | Note
--------------------------------------------------------------
     0 | D:1      | MovingMist the Ghoul Monk began the quest for the Orb.
     0 | D:1      | Reached XP level 1. HP: 19/19 MP: 0/0
   107 | D:1      | Reached XP level 2. HP: 22/26 MP: 1/1
   216 | D:1      | Reached XP level 3. HP: 23/31 MP: 2/2
  1227 | D:2      | Found a snail-covered altar of Cheibriados.
  1328 | D:2      | Reached XP level 4. HP: 40/40 MP: 3/3
  1726 | D:3      | Reached skill level 5 in Unarmed Combat
  1733 | D:3      | HP: 1/40 [gnoll/spear (6)]
  1738 | D:3      | Slain by a gnoll

Vault maps used:
D:1:      mrwooster_arrival_statue, serial_corexii_hall, corexii_hall_statues_l,
          corexii_hall_statues_l, st_stairs_8, serial_bayou_ford_a,
          minmay_crystal_room
D:2:      nicolae_overflow_hidden_temple
D:3:      elyvilon_altar_5, lemuel_coloured_pillars_altar, moated_statue,
          minmay_cupped

Skill      XL: |  1  2  3  4 |
---------------+-------------+-----
Dodging        | 3 |  3.9
Unarmed Combat | 5 |  5.0
Fighting       | |  3.9
Stealth        | |  2.1

Action                   |  1- 3 |  4- 6 || total
-------------------------+-------+-------++-------
Melee: Unarmed           |    98 |    32 ||   130
       Punch             |     1 |     1 ||     2
  Use: Scroll            |     6 |       ||     6
 Stab: Sleeping          |     4 |     1 ||     5
       Distracted        |     1 |       ||     1
  Eat: Chunk             |     4 |     1 ||     5
Armor: Robe              |    18 |    20 ||    38
Dodge: Dodged            |    62 |    42 ||   104
